 Dungeon Crawl Stone Soup version 0.29.0-4-gdea44cf6ec (webtiles) character file.

Game seed: 1556409897764273804

393 qw the Chopper (level 6, 0/38 HPs)
             Began as a Tengu Warper on Aug 28, 2022.
             Slain by a gnoll
             ... wielding a +1 vorpal spear
              (1 damage)
             ... on level 4 of the Dungeon.
             The game lasted 00:00:20 (3263 turns).

qw the Chopper (Tengu Warper)                       Turns: 3263, Time: 00:00:20

Health: 0/38       AC: 10    Str: 11    XL:     6   Next: 81%
Magic:  10/10      EV:  8    Int: 13    God:
Gold:   117        SH:  8    Dex: 12    Spells: 9/9 levels left

rFire   . . .      SeeInvis .   Y - +0 hand axe
rCold   . . .      Faith    .   o - +0 kite shield
rNeg    + . .      Spirit   .   q - +0 scale mail
rPois   .          Reflect  .   (helmet restricted)
rElec   .          Harm     .   (no cloak)
rCorr   .          Rampage  .   (no gloves)
Will    .....                   (boots unavailable)
Stlth   ..........              (no amulet)
HPRegen 0.12/turn               m - +4 ring of protection
MPRegen 0.12/turn               d - ring of positive energy

@: flying quickly and evasively, quick
A: beak, talons 3, nimble flight, clumsy 1, robust 1, weak 1
a: no special abilities


You were on level 4 of the Dungeon.
You visited 1 branch of the dungeon, and saw 4 of its levels.

You collected 221 gold pieces.
You spent 104 gold pieces at shops.


Innate Abilities, Weirdness & Mutations

You have a beak for a mouth.
You have claws for feet.
Your magical nature lets you fly swiftly and evasively.
You are clumsy. (Dex -2)
You are robust. (+10% HP)
You are weak. (Str -2)


   Skills:
 - Level 2.0 Fighting
 + Level 6.0 Axes
 - Level 1.0 Throwing
 - Level 1.1 Armour
 - Level 2.1 Dodging
 - Level 4.1 Shields
 - Level 2.0 Spellcasting
 - Level 2.4 Translocations


You had 9 spell levels left.
You didn't know any spells.
Your spell library contained the following spells:

 Spells                   Type           Power      Damage    Failure   Level
 Blink                    Tloc           14%        N/A       95%         2
 Gell's Gravitas          Tloc           7%         N/A       99%         3
 Lesser Beckoning         Tloc           7%         N/A       99%         3
 Teleport Other           Tloc           7%         N/A       99%         3
 Manifold Assault         Tloc           7%         N/A       100%        5

Inventory:

Hand Weapons
 e - a +0 flail
 Y - a +0 hand axe (weapon)
Armour
 b - a +0 pair of gloves
 o - a +0 kite shield (worn)
 q - a +0 scale mail (worn)
Jewellery
 d - a ring of positive energy (right hand)
 m - a +4 ring of protection (left hand)
Scrolls
 a - a scroll of identify
Potions
 c - 2 potions of haste
 f - a potion of mutation
 g - a potion of magic {unknown}
 h - 4 potions of curing
 j - a potion of degeneration {unknown}
 k - a potion of brilliance {unknown}
 l - a potion of flight {unknown}

Dungeon Overview and Level Annotations

Branches:
Dungeon (4/15)
 Temple: D:4-7

Altars:

Shops:
D:1 !   D:3 !

Annotations:
D:3 1 runed translucent door, qw's ghost, amateur TeWr


Message History

The iguana bites you. You block the gnoll's attack.
The iguana completely misses you.
You hit the iguana. You claw the iguana. You peck the iguana, but do no damage.
The iguana is almost dead.
You hit the iguana but do no damage.
The iguana bites you but does no damage.
The iguana bites you! The gnoll closely misses you.
The gnoll barely misses you.
The iguana bites you but does no damage.
You block the iguana's attack.
3255 ||| DRINKING potion of heal wounds.
You feel much better. The iguana bites you! You block the iguana's attack.
The gnoll hits you but does no damage.
You slash the iguana!
You kill the iguana!
You hit the iguana but do no damage. You block the iguana's attack.
The gnoll hits you but does no damage.
You slash the iguana!
The iguana is heavily wounded.
The gnoll completely misses you. The iguana bites you!
You closely miss the iguana.
The iguana is heavily wounded.
You block the iguana's attack.
The gnoll hits you from afar with a +1 vorpal spear.
You hit the iguana. You claw the iguana. You peck the iguana.
The iguana is almost dead.
The iguana barely misses you. The gnoll hits you but does no damage.
You barely miss the iguana. You claw the iguana.
You kill the iguana!
The gnoll hits you but does no damage.
Your Axes skill increases to level 6!
You block the gnoll's attack.
You see here an iguana corpse.
You hit the gnoll. You peck the gnoll.
The gnoll is almost dead.
You block the gnoll's attack. The gnoll hits you but does no damage.
You hit the gnoll but do no damage. You peck the gnoll.
The gnoll is almost dead.
The gnoll hits you with a +1 vorpal spear.
You die...

####..[.#...#.##
..........................
#.......######....#..##..#
#.......# #..#.##.##..#
##....... ...............
........#########........#.
#.....##.........##.##.#.
#.....##.................
#.......@g..............)
#.....##%........#..#####
#.....##........ #..
##.....##......$. #.
##..######.....$.. ###
#..## ......... #.###.###
......... #.#8...8#
......... #.###.###


You could see a gnoll.

Vanquished Creatures
  A black bear (D:3)
  A scorpion (D:4)
  3 iguanas
  Natasha (D:2)
  6 gnolls
  4 adders
  A worm (D:3)
  5 endoplasms
  2 giant cockroaches
  3 goblins
  3 hobgoblins
  4 quokkas
  6 ball pythons
  4 bats
  3 frilled lizards
  7 kobolds
  6 rats
60 creatures vanquished.

Notes
Turn   | Place    | Note
-------+----------+-------------------------------------------
     0 | D:1      | qw the Tengu Warper began the quest for the Orb.
     0 | D:1      | Reached XP level 1. HP: 12/12 MP: 4/4
     0 | D:1      | 0 ||| qw: Version: 0.1-a-89-g26bdef1
     0 | D:1      | 0 ||| qw: Game counter: 2054
     0 | D:1      | 0 ||| qw: Always use a shield: true
     0 | D:1      | 0 ||| qw: God list: Okawaru
     0 | D:1      | 0 ||| qw: Allow faded altars: false
     0 | D:1      | 0 ||| qw: Do Orc after D:15 true
     0 | D:1      | 0 ||| qw: Do second Lair branch before Depths: true
     0 | D:1      | 0 ||| qw: Lair rune preference: random
     0 | D:1      | 0 ||| qw: Plans: Normal
     0 | D:1      | 0 ||| PLANNING D:1-11
   135 | D:1      | Reached skill level 3 in Axes
   135 | D:1      | Reached XP level 2. HP: 17/17 MP: 6/6
   323 | D:1      | Found Soasi's Distillery.
   350 | D:1      | 350 ||| SHOPLISTING 2 potions of heal wounds (100 gold,
                  | have 10).
   350 | D:1      | 350 ||| SHOPLISTING potion of curing (30 gold, have 10).
   350 | D:1      | 350 ||| SHOPLISTING potion of heal wounds (50 gold, have
                  | 10).
   451 | D:1      | Found a faded altar of an unknown god.
   800 | D:1      | 800 ||| UPGRADING to +0 kite shield.
   805 | D:1      | 805 ||| UPGRADING to +4 ring of protection.
   806 | D:1      | 806 ||| READING 2 scrolls labelled XANATTE ROMANE.
   807 | D:1      | 807 ||| READING scroll labelled JUNUCL EDIU.
   808 | D:1      | 808 ||| READING scroll labelled BEOF KA ROFUIL.
   809 | D:1      | 809 ||| READING 2 scrolls labelled UNEOGOUC XETUOMAWO.
   810 | D:1      | 810 ||| READING scroll labelled GATAXT GUOPN.
   811 | D:1      | 811 ||| READING scroll labelled RERUN VED YLOU.
   815 | D:1      | 815 ||| READING scroll labelled AXINEFR ERUM.
   816 | D:1      | 816 ||| DRINKING 3 emerald potions.
   817 | D:1      | 817 ||| DROPPING scroll of blinking.
   818 | D:1      | 818 ||| DROPPING scroll of poison.
  1020 | D:2      | 1020 ||| DROPPING +0 club.
  1089 | D:2      | 1089 ||| Stepping ~*~*~tactically~*~*~ (stealth).
  1100 | D:2      | Reached skill level 1 in Shields
  1100 | D:2      | Reached XP level 3. HP: 9/21 MP: 7/7
  1108 | D:2      | Reached XP level 4. HP: 10/26 MP: 8/8
  1299 | D:2      | 1299 ||| DROPPING +0 whip.
  1526 | D:2      | Noticed Natasha
  1528 | D:2      | 1528 ||| Stepping ~*~*~tactically~*~*~ (stealth).
  1537 | D:2      | Killed Natasha
  1538 | D:2      | Reached skill level 4 in Axes
  1583 | D:2      | 1583 ||| Stepping ~*~*~tactically~*~*~ (stealth).
  1590 | D:2      | 1590 ||| Stepping ~*~*~tactically~*~*~ (stealth).
  1591 | D:2      | 1591 ||| Stepping ~*~*~tactically~*~*~ (stealth).
  1594 | D:2      | 1594 ||| Stepping ~*~*~tactically~*~*~ (stealth).
  1921 | D:2      | 1921 ||| UPGRADING to ring of positive energy.
  1922 | D:2      | 1922 ||| DRINKING 2 blue potions.
  1922 | D:2      | Gained mutation: You are weak. (Str -2) [potion of
                  | mutation]
  1922 | D:2      | Gained mutation: You are clumsy. (Dex -2) [potion of
                  | mutation]
  1922 | D:2      | Gained mutation: You are robust. (+10% HP) [potion of
                  | mutation]
  1939 | D:2      | 1939 ||| READING 2 scrolls of identify.
  1939 | D:2      | 1939 ||| IDENTIFYING clear potion
  2043 | D:3      | Gained mutation: Your magical nature lets you fly swiftly
                  | and evasively. [Tengu growth]
  2043 | D:3      | Reached XP level 5. HP: 33/33 MP: 9/9
  2055 | D:3      | Found a runed translucent door.
  2055 | D:3      | Noticed qw's ghost (amateur TeWr)
  2110 | D:3      | 2110 ||| Stepping ~*~*~tactically~*~*~ (stealth).
  2129 | D:3      | Noticed a black bear
  2130 | D:3      | 2130 ||| Stepping ~*~*~tactically~*~*~ (stealth).
  2142 | D:3      | Killed a black bear
  2242 | D:3      | Identified the +8 quarterstaff of Equivalence {flame, Drain
                  | rPois Int+7}
  2378 | D:3      | Reached XP level 6. HP: 36/38 MP: 10/10
  2609 | D:3      | Found Myukk's Distillery.
  2629 | D:3      | 2629 ||| BUYING potion of curing (39 gold).
  2629 | D:3      | Bought a potion of curing for 39 gold pieces
  2629 | D:3      | 2629 ||| BUYING potion of heal wounds (65 gold).
  2629 | D:3      | Bought a potion of heal wounds for 65 gold pieces
  2629 | D:3      | 2629 ||| SHOPLISTING potion of mutation (104 gold, have
                  | 75).
  2629 | D:3      | 2629 ||| SHOPLISTING potion of resistance (130 gold, have
                  | 75).
  2758 | D:3      | Reached skill level 5 in Axes
  2853 | D:3      | 2853 ||| UPGRADING to +0 ring mail.
  2863 | D:3      | 2863 ||| DROPPING +0 leather armour.
  2864 | D:3      | 2864 ||| UPGRADING to +0 scale mail.
  2874 | D:3      | 2874 ||| DROPPING +0 ring mail.
  2875 | D:3      | 2875 ||| READING scroll labelled MIER TAIMOSONU.
  2876 | D:3      | 2876 ||| READING scroll labelled XOS KOPTEPSE.
  2911 | D:4      | HP: 8/38 [poisoned by a scorpion]
  2912 | D:4      | 2912 ||| DRINKING 5 potions of curing.
  2912 | D:4      | 2912 ||| (to cure poison)
  3083 | D:4      | 3083 ||| Stepping ~*~*~tactically~*~*~ (hiding).
  3084 | D:4      | 3084 ||| Stepping ~*~*~tactically~*~*~ (hiding).
  3085 | D:4      | 3085 ||| Stepping ~*~*~tactically~*~*~ (hiding).
  3086 | D:4      | 3086 ||| Stepping ~*~*~tactically~*~*~ (hiding).
  3088 | D:4      | 3088 ||| Stepping ~*~*~tactically~*~*~ (stealth).
  3101 | D:4      | HP: 3/38 [gnoll/+1 vorpal spear (7)]
  3102 | D:4      | 3102 ||| READING scroll of teleportation.
  3103 | D:4      | 3103 ||| DRINKING 2 potions of heal wounds.
  3254 | D:4      | HP: 3/38 [iguana (9)]
  3255 | D:4      | 3255 ||| DRINKING potion of heal wounds.
  3261 | D:4      | Reached skill level 6 in Axes
  3263 | D:4      | HP: 1/38 [gnoll/+1 vorpal spear (6)]
  3263 | D:4      | Slain by a gnoll

Levels and vault maps discovered:
D:1:      heliophobic_arrival_enchanted_forest, layout_loops_ring,
          hellmonk_ecumenical_altar_run_dry, serial_shops, shop_coins,
          chequers_mini_garden
D:2:      layout_basic, nicolae_titane, uniq_natasha
D:3:      layout_basic, hellmonk_ghost_happy_afterlife, serial_shops,
          nicolae_shop_advertising_works [nicolae_subvault_shop_adworks]
D:4:      layout_basic, mainiacjoe_overflow_24_doors,
          minmay_temple_entry_statues, serial_shops, kennysheep_mini_moat,
          minmay_misc_feat_hallway, due_unseen_surprise, uniq_sigmund, uniq_ijyb

Skill      XL: |  1  2  3  4  5  6 |
---------------+-------------------+-----
Axes           | 3 4 6 |  6.0
Shields        | 1 2 4 |  4.1
Fighting       | |  2.0
Throwing       | |  1.0
Armour         | |  1.1
Dodging        | |  2.1
Spellcasting   | |  2.0
Translocations | |  2.4

Action                   |  1- 3 |  4- 6 || total
-------------------------+-------+-------++-------
Melee: Hand axe          |    59 |   117 ||   176
       Kick              |    15 |    35 ||    50
       Peck              |     7 |    23 ||    30
Throw: Boomerang         |     7 |       ||     7
  Use: Scroll            |     7 |     4 ||    11
       Potion            |     1 |     4 ||     5
Armor: Leather armour    |    12 |    22 ||    34
       Scale mail        |       |    22 ||    22
Dodge: Dodged            |    41 |    44 ||    85
Block: Kite shield       |     7 |    49 ||    56

Table legend:
 A = Non-vault XP
 B = Vault XP
 C = Vault XP percentage of total XP
 D = Non-vault monster count
 E = Vault monster count
 F = Vault count percentage of total count
                 A         B        C        D         E       F
            +---------+---------+-------+---------+---------+-------
      Total |     527 |      35 |   6.2 |      59 |       1 |   1.7
            +---------+---------+-------+---------+---------+-------
        D:1 |      28 |       0 |   0.0 |      18 |       0 |   0.0
        D:2 |      99 |      35 |  26.1 |      17 |       1 |   5.6
        D:3 |     214 |       0 |   0.0 |      18 |       0 |   0.0
        D:4 |     186 |       0 |   0.0 |       6 |       0 |   0.0
            +---------+---------+-------+---------+---------+-------
